 Dungeon Crawl Stone Soup version 0.32-a0-799-g95e1662365 (webtiles) character file.

Game seed: 1808630398144219151

110 dialectric the Trooper (level 4, 0/28 HPs)
             Began as a Gargoyle Shapeshifter on Mar 21, 2024.
             Slain by a gnoll
             ... wielding a +0 flail
              (2 damage)
             ... on level 3 of the Dungeon.
             The game lasted 00:03:18 (1580 turns).

dialectric the Trooper (Gargoyle Shapeshifter)      Turns: 1580, Time: 00:03:18

Health: 0/28       AC:  6    Str: 18    XL:     4   Next: 91%
Magic:  4/4        EV: 10    Int: 10    God:
Gold:   186        SH:  0    Dex: 11    Spells: 3/3 levels left

rFire   . . .        k - +2 dagger (drain)
rCold   . . .        (no shield)
rNeg    + . .        t - +0 leather armour
rPois   ∞            (helmet currently unavailable)
rElec   +            (cloak currently unavailable)
rCorr   .            (gloves currently unavailable)
SInv    .            (boots currently unavailable)
Will    .....        m - amulet of magic regeneration
Stlth   +            (no ring)
HPRegen 0.24/turn    (no ring)
MPRegen 0.49/turn

%: no passive effects
@: beast-form
A: beast (slay +1), sickness immunity, AC +3, negative energy resistance 1,
electricity resistance, torment resistance 1, petrification resistance
a: Begin Untransformation


You were on level 3 of the Dungeon.
You were a hulking beast.
You visited 1 branch of the dungeon, and saw 3 of its levels.

You collected 186 gold pieces.

Inventory:

Hand Weapons
 k - a +2 dagger of draining (weapon)
 u - a +0 whip
Armour
 a - a +0 animal skin
 i - a -3 pair of gloves
 j - a -2 cloak
 q - a +0 plate armour
 s - a +0 pair of boots
 t - a +0 leather armour (worn)
Jewellery
 m - an amulet of magic regeneration (around neck)
 p - a +4 ring of protection
 v - a ring of ice
Talismans
 c - a beast talisman (active)
 d - a flux talisman
Scrolls
 g - 8 scrolls of identify {unknown}
 o - a scroll of vulnerability {unknown}
 r - a scroll of noise {unknown}
Potions
 b - a potion of lignification
 e - 2 potions of heal wounds {unknown}
 f - a potion of resistance {unknown}
 h - a potion of haste {unknown}
 l - 2 potions of curing {unknown}
 n - a potion of mutation {unknown}


   Skills:
 * Level 3.2 Fighting
 + Level 1.1 Short Blades
 + Level 1.3 Armour
 - Level 2.0 Dodging
 - Level 3.0 Unarmed Combat
 + Level 2.9 Shapeshifting


You had 3 spell levels left.
You didn't know any spells.
Your spell library was empty.

Dungeon Overview and Level Annotations

Branches:
Dungeon (3/15)

Altars:

Shops:
D:1 [


Innate Abilities, Weirdness & Mutations

You are a hulking beast.
Your limbs bulge with bestial killing power. (Slay +1)
You are immune to sickness and miasma.
Your stone body is resilient. (AC +3)
You are immune to poison.
You resist negative energy. (rN+)
You are resistant to electric shocks. (rElec)
You are resistant to unholy torment.
You are immune to petrification.


Message History

The gnoll hits you with a +0 spear.
There are monsters nearby!
You barely miss the gnoll.
A gnoll comes into view. It is wielding a +0 flail.
The gnoll barely misses you.
You closely miss the gnoll. The gnoll barely misses you.
You see here a ribbon worm corpse.
You hit the gnoll.
The gnoll is lightly wounded.
The gnoll hits you but does no damage.
You hit the gnoll. You drain the gnoll.
The gnoll is severely wounded.
You hit the gnoll.
You kill the gnoll!
The gnoll barely misses you. The gnoll hits you with a +0 spear.
You see here a +0 whip.
You closely miss the gnoll. The gnoll misses you.
The gnoll hits you but does no damage.
You hit the gnoll.
The gnoll is moderately wounded.
The gnoll hits you with a +0 flail! The gnoll barely misses you.
You barely miss the gnoll.
The gnoll is moderately wounded.
The gnoll hits you with a +0 flail. The gnoll barely misses you.
You hit the gnoll.
The gnoll is severely wounded.
The gnoll hits you with a +0 flail. The gnoll hits you with a +0 spear!
* * * LOW HITPOINT WARNING * * *
You are too injured to fight recklessly!
You are too injured to fight recklessly!
You are too injured to fight recklessly!
You are too injured to fight recklessly!
You are too injured to fight recklessly!
You are too injured to fight recklessly!
Unknown command.
The gnoll hits you from afar with a +0 spear.
* * * LOW HITPOINT WARNING * * *
The gnoll attacks as it pursues you! The gnoll hits you with a +0 flail.
You die...

.#..#...#.## #..g.g# ..)#
.#...###...# ####.####.#.#
.#.....#...## ..#.g......#
..###...###.########.##.###...#
.#...#......#....g.#.#.g.#....#
.#...###....#g####.#.........# ..
.#...#..#.###.#..#.###†#....#..[.
..###...#.<.#g)g.#.g.g.#.))...# #
..#......#.#####h#######.##.###
##.....#.#.......# #.# .#
#####...######### #.. .# ###...#
#.. ## ##..#### #.# #.....# ..
##..#.# #######.#.# #.........#


You could see 2 gnolls.

Vanquished Creatures
  A bombardier beetle (D:3)
  A gnoll (D:3)
  An adder (D:2)
  2 dart slugs
  A ribbon worm (D:3)
  7 endoplasms
  2 giant cockroaches
  3 hobgoblins
  2 jackals (D:2)
  2 quokkas
  3 ball pythons
  4 bats
  5 frilled lizards
  5 goblins
  8 kobolds
  5 rats (D:1)
52 creatures vanquished.

Notes
Turn   | Place    | Note
-------+----------+-------------------------------------------
     0 | D:1      | dialectric the Gargoyle Shapeshifter began the quest for
                  | the Orb.
     0 | D:1      | Reached XP level 1. HP: 12/12 MP: 1/1
    56 | D:1      | Reached XP level 2. HP: 16/16 MP: 2/2
    68 | D:1      | Found Gaucoth's Armour Boutique.
   589 | D:2      | Reached XP level 3. HP: 21/21 MP: 3/3
  1363 | D:3      | Reached XP level 4. HP: 26/27 MP: 4/4
  1399 | D:3      | Reached skill level 1 in Armour
  1423 | D:3      | Reached skill level 1 in Short Blades
  1580 | D:3      | Slain by a gnoll

Illustrated notes

Levels and vault maps discovered:
D:1:      wander_arrival_lonely_grave, layout_rooms, serial_shops,
          nicolae_shop_scrapyard
D:2:      layout_loops_ring, minmay_tetromino_t2
D:3:      layout_basic, ebering_ecumenical_altar_box, serial_shops, shop,
          minmay_misc_feat_columns, nicolae_titane

Skill      XL: |  1  2  3  4 |
---------------+-------------+-----
Fighting       | 2 3 |  3.2
Dodging        | 2 |  2.0
Armour         | 1 |  1.3
Short Blades   | 1 |  1.1
Unarmed Combat | |  3.0
Shapeshifting  | |  2.9

Action                     |  1- 3 |  4- 6 || total
---------------------------+-------+-------++-------
  Melee: Unarmed           |    41 |       ||    41
         Dagger            |    58 |    43 ||   101
 Armour: Animal skin       |    61 |       ||    61
         Leather armour    |       |    22 ||    22
  Dodge: Dodged            |    56 |    21 ||    77

Table legend: (Time is in decaauts)
 A = Elapsed time spent in this place.
 B = Non-inter-level travel time spent in this place.
 C = Inter-level travel time spent in this place.
 D = Time resting spent in this place.
 E = Time spent auto-exploring this place.
 F = Levels seen in this place.
 G = Mean time per level.
                   A        B        C        D        E       F      G
               +--------+--------+--------+--------+--------+-----+--------+
         Total |   1573 |   1518 |     55 |      0 |   1118 |   3 |  524.3 |
       Dungeon |   1573 |   1518 |     55 |      0 |   1118 |   3 |  524.3 |
               +--------+--------+--------+--------+--------+-----+--------+

Top non-repeatable levels by time:
     D:2: 679 daAuts
     D:1: 566 daAuts
     D:3: 328 daAuts
